Map: 乌雷纳

Players

daymiel

  • Race: Protoss Protoss
  • League: Diamond

shengy - Winner!

  • Race: Zerg Zerg
  • League: Platinum

VOD

Have the link to the VOD?

Description

Time

  • Played on: Dec. 23, 2015, 9:08 p.m.
  • Length: 10:47
Show
View Real Time Build Order
Export as new Build Order

daymiel Protoss 

Build Orders: 1 Gate Expand 

Get SALT Encoding   

  12  0:02  Probe (Chrono Boost)  
  13  0:12  Probe (Chrono Boost)  
  14  0:23  Pylon  
  14  0:25  Probe (Chrono Boost)  
  15  0:41  Probe (Chrono Boost)  
  16  0:42  Gateway  
  16  0:51  Probe (Chrono Boost)  
  17  1:17  Nexus  
  17  1:31  Cybernetics Core  
  17  1:34  Probe (Chrono Boost)  
  17  1:37  Assimilator  
  18  1:40  Assimilator  
  18  1:44  Probe (Chrono Boost)  
  19  1:55  Probe (Chrono Boost)  
  19  2:00  Pylon  
  20  2:06  Probe (Chrono Boost)  
  21  2:18  Warp Gate (Chrono Boost)  
  21  2:21  Adept  
  23  2:27  Probe  
  24  2:34  Probe  
  25  2:39  Probe  
  26  2:44  Probe  
  26  2:50  Gateway  
  27  2:52  Gateway  
  27  2:55  Pylon  
  27  2:57  Probe  
  28  3:00  Mothership Core  
  30  3:09  Pylon  
  30  3:12  Probe  
  31  3:17  Adept  
  33  3:26  Probe  
  33  3:27  Probe  
  35  3:40  Gateway  
  35  3:42  Probe  
  35  3:44  Pylon, Probe  
  35  3:47  Adept  
  39  3:53  Probe  
  40  4:00  Probe  
  41  4:08  Probe  
  42  4:12  Probe  
  42  4:14  Adept x2  
  47  4:19  Pylon  
  46  4:25  Adept  
  46  4:29  Probe  
  46  4:30  Probe  
  50  4:33  Assimilator  
  50  4:38  Adept x2  
  52  4:41  Probe  
  52  4:42  Probe  
  56  4:47  Assimilator  
  56  4:51  Probe  
  55  5:19  Stalker x4  
  57  5:47  Stalker x4  
  61  5:51  Robotics Facility x2  
  57  5:58  Twilight Council  
  57  6:02  Probe  
  57  6:04  Probe  
  59  6:13  Stalker  
  59  6:14  Stalker  
  59  6:16  Probe  
  59  6:17  Nexus  
  64  6:20  Pylon x2  
  64  6:21  Stalker x2  
  64  6:22  Pylon  
  68  6:40  Stalker  
  68  6:41  Stalker  
  72  6:53  Stalker  
  72  6:54  Stalker  
  76  6:57  Immortal  
  80  7:12  Blink  
  84  7:22  Immortal  
  84  7:26  Adept  
  84  7:27  Adept x2  
  86  7:31  Probe x2  
  86  7:32  Probe  
  89  7:40  Immortal  
  93  7:49  Robotics Bay  
  93  7:50  Probe x2  
  93  7:52  Probe  
  93  7:53  Assimilator  
  93  7:56  Assimilator  
  96  8:02  Stalker x2  
  73  8:34  Stalker  
  73  8:35  Stalker x3  
  71  8:59  Immortal  
  71  9:00  Immortal  
  71  9:01  Stalker x3  
  71  9:02  Stalker  
  67  9:25  Probe x2  
  67  9:27  Probe  
  62  9:48  Stalker x3  
  62  9:49  Stalker  
  58  10:12  Stalker x3  
  43  10:24  Probe  
  43  10:26  Probe  
  44  10:32  Stalker  
Show
View Real Time Build Order
Export as new Build Order

shengy Zerg - Winner!

Build Orders: Hatch First 

Get SALT Encoding   

  12  0:01  Drone  
  13  0:08  Drone  
  14  0:18  Overlord  
  14  0:36  Drone x3  
  17  0:58  Hatchery  
  17  1:03  Drone  
  17  1:12  Spawning Pool  
  17  1:14  Drone  
  17  1:19  Drone  
  17  1:22  Drone  
  19  1:51  Drone  
  20  1:54  Overlord  
  20  1:57  Hatchery  
  21  2:15  Queen  
  21  2:18  Queen  
  21  2:21  Drone x2  
  21  2:22  Drone  
  26  2:25  Zergling x2  
  26  2:28  Drone  
  28  2:34  Drone x2  
  30  2:42  Drone  
  31  2:46  Drone  
  32  2:54  Overlord  
  32  2:59  Queen  
  32  3:00  Overlord  
  34  3:06  Drone x2  
  34  3:09  Queen  
  38  3:12  Overlord  
  38  3:15  Drone  
  38  3:17  Drone  
  41  3:20  Drone  
  41  3:23  Drone x2  
  43  3:28  Drone  
  43  3:30  Extractor  
  43  3:32  Extractor  
  42  3:34  Extractor  
  42  3:36  Drone x4  
  42  3:38  Drone, Extractor  
  45  3:42  Overlord  
  45  3:51  Roach Warren  
  45  4:02  Drone  
  45  4:03  Drone x3  
  45  4:05  Drone  
  49  4:12  Drone x2  
  49  4:13  Drone x6  
  57  4:22  Lair  
  57  4:25  Drone  
  57  4:27  Evolution Chamber, Drone x2  
  58  4:36  Roach x2  
  58  4:37  Roach  
  64  4:44  Roach x3  
  70  4:51  Spine Crawler  
  69  4:53  Zerg Missile Weapons Level 1  
  69  4:54  Spine Crawler  
  69  4:57  Roach x2  
  70  5:19  Roach x2  
  70  5:20  Overlord x2  
  70  6:03  Overlord  
  70  6:04  Overlord  
  70  6:11  Glial Reconstitution  
  70  6:14  Roach x7  
  70  6:15  Roach x2  
  70  6:17  Overlord  
  88  6:19  Drone  
  88  6:23  Drone x2  
  91  6:35  Roach x3  
  91  6:36  Roach x2  
  91  6:39  Drone  
  102  6:44  Roach x4  
  92  6:56  Zergling x2, Roach x3  
  92  6:57  Zergling x14  
  92  6:59  Ravager x2  
  92  7:00  Ravager  
  92  7:01  Ravager  
  106  7:09  Overlord x2  
  106  7:11  Metabolic Boost  
  104  7:38  Ravager x6  
  104  7:39  Ravager x3  
  104  7:43  Overlord x2  
  113  7:48  Extractor  
  113  7:49  Overlord  
  113  7:50  Overlord  
  102  8:21  Roach x2  
  102  8:22  Roach x8  
  102  8:23  Roach x7  
  126  8:39  Zergling x10  
  113  8:59  Ravager x2  
  113  9:00  Ravager  
  91  9:23  Zergling x28  
  91  9:24  Zergling x4  
  98  9:47  Roach x4  
  98  9:48  Roach x4  
  98  9:52  Extractor  
  109  9:53  Hatchery  
  109  9:57  Extractor  
  96  10:07  Zergling x10  
  96  10:08  Zergling x14  
  84  10:39  Extractor  
Tags
 
Add a new tag
Caveats
  • Supply blocks, unpowered buildings, or Contaminate may cause inaccurate times.
  • Supply counts are checked every 10 seconds.